 Dungeon Crawl Stone Soup version 0.19.4-10-g532645f (webtiles) character file.

254267 Rrauwl the Peltast (level 20, -18/134 HPs)
             Began as a Gargoyle Gladiator on Feb 25, 2017.
             Was the Champion of Okawaru.
             Killed from afar by a deep elf annihilator (60 damage)
             ... with an iron shot
             ... on level 3 of the Elven Halls on Feb 26, 2017.
             The game lasted 04:37:57 (37907 turns).

Rrauwl the Peltast (Gargoyle Gladiator)            Turns: 37907, Time: 04:37:57

Health: -18/134    AC: 47    Str: 33    XL:     20   Next: 17%
Magic:  26/26      EV: 10    Int: 12    God:    Okawaru [******]
Gold:   1003       SH: 31    Dex: 15    Spells: 2 memorised, 25 levels left

rFire  + + +     SeeInvis .     p - +10 morningstar "Wuxt" {crush, +Blink rPois Str+2}
rCold  + + +     Gourm    .     r - +4 crystal plate armour of the Turtle {rC+ rN+ Str-2 Slay+2}
rNeg   + + .     Faith    .     g - +2 large shield {reflect}
rPois  ∞         Spirit   .     q - +1 helmet
rElec  +         Reflect  +     u - +2 cloak {MR+}
rCorr  +         Harm     .     f - +2 pair of gloves {Str+3}
MR     +++..                    N - +2 pair of boots {run}
Stlth  ..........               J - amulet of Trog's Benevolence {Reflect rF+ rC++ SH+6}
                                j - ring of Guolidei {rF+ EV+1 Dex+5}
                                c - ring of protection from fire

@: mighty, resistant, quick
A: big wings, cold resistance 1, deformed body, magic resistance 1, negative
energy resistance 1, electricity resistance, unbreathing, petrification
resistance, rot immunity, subdued magic 1, AC +15
a: Fly, Heroism, Finesse, Renounce Religion, Evoke Blink
}: 1/15 runes: serpentine


You were on level 3 of the Elven Halls.
You worshipped Okawaru.
Okawaru was exalted by your worship.
You were not hungry.

You visited 6 branches of the dungeon, and saw 31 of its levels.
You also visited: Labyrinth and Ice Cave.

You collected 2550 gold pieces.
You spent 1547 gold pieces at shops.

Inventory:

Hand Weapons
 p - the +10 morningstar "Wuxt" (weapon) {crush, +Blink rPois Str+2}
   (Okawaru gifted it to you on level 15 of the Dungeon)

   It inflicts extra damage upon your enemies.
   It affects your strength (+2).
   It protects you from poison.
   It lets you blink.
 Q - the +8 lance "Wyrmbane" {slay drac, rPois rF+ rC+ AC+3}
   (Okawaru gifted it to you on level 3 of the Elven Halls)

   It affects your AC (+3).
   It protects you from fire.
   It protects you from cold.
   It protects you from poison.
Missiles
 d - 951 arrows
 K - 6 javelins of penetration (quivered)
Armour
 f - a +2 pair of gloves of strength (worn)
 g - a +2 large shield of reflection (worn)
 q - a +1 helmet (worn)
 r - the +4 crystal plate armour of the Turtle (worn) {rC+ rN+ Str-2 Slay+2}
   (You acquired it on level 1 of the Snake Pit)

   It affects your strength (-2).
   It affects your accuracy and damage with ranged weapons and melee attacks
   (+2).
   It protects you from cold.
   It protects you from negative energy.
 s - a +2 cloak of invisibility
 u - a +2 cloak of magic resistance (worn)
 C - a +0 pair of gloves of archery
 N - a +2 pair of boots of running (worn)
Jewellery
 c - a ring of protection from fire (left hand)
 j - the ring of Guolidei (right hand) {rF+ EV+1 Dex+5}
   (You bought it in a shop on level 1 of the Snake Pit)

   [ring of evasion]

   It affects your evasion (+1).
   It affects your dexterity (+5).
   It protects you from fire.
 J - the amulet of Trog's Benevolence (around neck) {Reflect rF+ rC++ SH+6}
   (You took it off a deep elf death mage on level 3 of the Elven Halls)

   [amulet of reflection]

   It shields you and reflects attacks.
   It protects you from fire.
   It greatly protects you from cold.
   It affects your SH (+6).
 U - an uncursed amulet of rage
Wands
 h - a wand of teleportation (9/9)
 x - a wand of iceblast (13/15)
 z - a wand of lightning (10/15)
 H - a wand of digging (24/24)
 L - a wand of disintegration (6/24)
Scrolls
 a - 10 scrolls of fear
 b - 10 scrolls of identify
 l - a scroll of blinking
 v - 8 scrolls of remove curse
 y - a scroll of vulnerability
 E - 5 scrolls of fog
 G - a scroll of brand weapon
 M - a scroll of torment
 O - a scroll of magic mapping
 P - a scroll of amnesia
 S - a scroll of summoning
Potions
 i - 17 potions of curing
 k - a potion of might
 B - a potion of cure mutation
 D - 2 potions of invisibility
 F - 2 potions of resistance
Books
 m - a book of the Sky

   Spells                             Type                      Level
   a - Summon Lightning Spire         Summoning/Air                4
   b - Airstrike                      Air                          4
   c - Silence                        Hexes/Air                    5
   d - Deflect Missiles               Charms/Air                   6
   e - Conjure Ball Lightning         Conjuration/Air              6
   f - Tornado                        Air                          9
 t - a Grand Grimoire

   Spells                             Type                      Level
   a - Monstrous Menagerie            Summoning                    7
   b - Summon Greater Demon           Summoning                    7
   c - Malign Gateway                 Summoning/Translocation      7
   d - Summon Horrible Things         Summoning                    8
 w - a book of Beasts

   Spells                             Type                      Level
   a - Summon Butterflies             Summoning                    1
   b - Call Canine Familiar           Summoning                    3
   c - Summon Ice Beast               Ice/Summoning                4
   d - Summon Mana Viper              Hexes/Summoning              5
   e - Summon Hydra                   Summoning                    7
 A - a book of Misfortune

   Spells                             Type                      Level
   a - Confusing Touch                Hexes                        1
   b - Confuse                        Hexes                        3
   c - Gell's Gravitas                Hexes/Translocation          3
   d - Petrify                        Transmutation/Earth          4
   e - Metabolic Englaciation         Hexes/Ice                    5
   f - Yara's Violent Unravelling     Hexes/Transmutation          5
Miscellaneous
 e - a phantom mirror
Comestibles
 n - 6 royal jellies
 o - 7 fruits
 I - 5 chunks of flesh


   Skills:
 * Level 17.1 Fighting
 + Level 17.0 Maces & Flails
 - Level 3.0 Throwing
 + Level 13.0 Armour
 - Level 7.0 Dodging
 - Level 6.0 Stealth
 + Level 17.2 Shields
 - Level 4.0 Spellcasting
 - Level 7.0 Charms
 - Level 9.0 Translocations
 - Level 7.0 Invocations
 - Level 6.0 Evocations


You had 25 spell levels left.
You knew the following spells:

 Your Spells              Type           Power        Failure   Level  Hunger
a - Infusion              Chrm           ##..         47%         1    #......
b - Apportation           Tloc           ###.......   17%         1    #......


Dungeon Overview and Level Annotations

Branches:
Dungeon (15/15)            Temple (1/1) D:6            Lair (6/6) D:10
 Shoals (0/4) Lair:4        Snake (4/4) Lair:2        Slime (0/5) Lair:5
    Orc (2/2) D:11            Elf (3/3) Orc:2        Vaults (0/5) D:13
 Depths (0/5) D:15

Altars:
Ashenzari
Cheibriados
Dithmenos
Elyvilon
Fedhas
Kikubaaqudgha
Nemelex Xobeh
Okawaru
Qazlal
Ru
Sif Muna
Uskayaw
Vehumet
Xom
Yredelemnul
Zin
The Shining One

Shops:
D:4 !   D:7 (   D:9 *   Orc:2 ?*(}   Elf:1 }   Snake:1 }=}   Snake:2 :*

Portals:
Pandemonium: Orc:2

Annotations:
Lair:2 exclusion: oklob plant


Innate Abilities, Weirdness & Mutations

You are resistant to torment.
Your stone body is resilient. (AC +15)
You are immune to poison.
Your large and strong wings let you fly indefinitely.
You resist negative energy. (rN+)
You are resistant to electric shocks. (rElec)
You can survive without breathing.
You are immune to petrification.
You are immune to rotting.
Your flesh is cold resistant. (rC+)
Armour fits poorly on your strangely shaped body.
You are resistant to hostile enchantments. (MR+)
Your spells are a little easier to cast, but a little less powerful.


Message History

You block the deep elf death mage's attack.
You block the deep elf mage's attack.
The deep elf annihilator shouts!
You bludgeon the deep elf mage!!
The deep elf mage is almost dead.
You impale the deep elf mage!!
You kill the deep elf mage!
Okawaru accepts your kill.
The deep elf death mage barely misses you.
You crush the deep elf death mage like a grape!!!
You kill the deep elf death mage!
Okawaru accepts your kill.
The deep elf annihilator casts a spell.
The deep elf annihilator blinks!
You see here a book of Beasts.
w - a book of Beasts You start resting.
The deep elf annihilator gestures at you while chanting.
The iron shot hits you!
You die...

## #|[######
#.).)...#####
#.}.).)()).####
#..|))[)[.}.}##
##.)...@...e..)
###..[(|.}.).%
###...).%(..
##########


You could see a deep elf annihilator.

Vanquished Creatures
  Saint Roka (Elf:2)
  Vashnia (Snake:2)
  Asterion (Elf:2)
  3 deep elf blademasters
  Agnes (Elf:1)
  2 deep elf sorcerers
  7 nagarajas
  A frost giant (IceCv)
  Aizul (Elf:1)
  Louise (D:14)
  A deep elf elementalist (Elf:3)
  2 deep elf demonologists (Elf:3)
  Azrael (D:14)
  3 deep elf annihilators (Elf:3)
  6 deep elf death magi
  The ghost of Magnus the Fencer, a journeyman DsGl of Makhleb (IceCv)
  A fire dragon (Lair:6)
  A minotaur (Lair:1)
  A deep elf high priest (Elf:3)
  Josephine (D:14)
  16 naga warriors
  2 vault guards (D:13)
  8 hydras
  A catoblepas (Lair:4)
  Erica (D:8)
  2 centaur warriors
  19 anacondas
  29 dancing weapons
  18 naga sharpshooters
  6 death yaks
  A vampire mage (D:15)
  A tengu warrior (D:15)
  Nergalle (Lair:3)
  6 orc high priests (Orc:2)
  19 deep elf knights
  13 shock serpents
  A salamander mystic (Snake:3)
  2 skeletal warriors (D:15)
  4 unseen horrors
  2 infernal demonspawn (Orc:2)
  8 naga ritualists
  A gelid demonspawn (Orc:2)
  Pikel (D:4)
  6 hill giants
  6 deep elf archers
  3 wizards
  5 orc knights
  54 deep elf magi
  3 lindwurms
  2 necromancers
  8 orc sorcerers
  A manticore (D:15)
  A stone giant skeleton (D:15)
  7 mana vipers
  10 salamanders
  12 ugly things
  6 elephants (Lair:3)
  2 orange demons (Orc:2)
  16 naga magi
  11 guardian serpents
  40 black mambas
  3 molten gargoyles (Lair:6)
  Maurice (D:8)
  A rust devil (Orc:2)
  10 spiny frogs
  16 komodo dragons
  5 rime drakes
  A tengu conjurer (D:15)
  A yaktaur (shapeshifter) (D:13)
  A yaktaur (D:13)
  2 redback zombies
  A hellwing (Orc:2)
  An efreet (D:15)
  2 freezing wraiths (D:14)
  3 meliai (D:15)
  5 trolls
  2 elf zombies (D:15)
  12 polar bears (IceCv)
  13 slime creatures
  14 blink frogs
  A meliai zombie (D:15)
  15 hippogriffs
  Sigmund (D:3)
  A shadow (Lab)
  5 wraiths
  3 water elementals
  A deep troll skeleton (D:15)
  42 yaks
  2 hill giant zombies (D:11)
  3 air elementals
  9 fire elementals
  5 wyverns
  A ynoxinul (Orc:2)
  6 basilisks
  A steam dragon (Lair:6)
  18 humans (D:13)
  6 hungry ghosts
  6 vampire mosquitoes
  A mottled dragon (Lair:6)
  Menkaure (D:7)
  46 nagas
  A soldier ant (D:13)
  A warg (Elf:2)
  6 hell hounds
  Duvessa (D:6)
  14 water moccasins
  9 porcupines
  12 ice beasts
  24 orc warriors
  3 sky beasts
  A slave (D:4)
  An eye of draining (D:9)
  9 ogres
  2 black bears (D:9)
  2 necrophages
  3 phantoms
  A boggart (shapeshifter) (Elf:1)
  22 wolves
  7 centaurs
  19 crocodiles
  3 big kobolds
  20 bullfrogs
  2 wyvern zombies (D:8)
  Dowan (D:6)
  2 earth elementals
  A wyvern skeleton (D:11)
  3 troll zombies (D:11)
  3 scorpions
  4 killer bees (D:9)
  10 wights
  4 electric eels (Lair:1)
  8 crimson imps
  5 lava snakes (Lair:6)
  3 bullfrog zombies
  Crazy Yiuf (D:7)
  4 hounds
  3 bullfrog skeletons
  4 centaur skeletons
  24 orc priests
  16 orc wizards
  7 jellies
  2 iguanas
  11 worker ants
  A killer bee zombie (D:8)
  3 ogre zombies (D:11)
  4 gnolls (D:2)
  5 river rats (D:10)
  13 adders
  6 shadow imps
  9 oozes
  An adder skeleton (D:4)
  5 dart slugs
  5 leopard geckos
  61 orcs
  4 ball pythons (D:1)
  6 giant cockroaches
  10 hobgoblins
  4 jackals (D:5)
  6 quokkas
  5 bats
  3 frilled lizards
  9 goblins
  A goblin zombie (D:11)
  3 hobgoblin zombies (D:11)
  A jackal skeleton (D:5)
  18 kobolds
  5 orc skeletons (D:11)
  16 orc zombies (D:11)
  A quokka skeleton (D:4)
  2 quokka zombies (D:9)
  6 rats
  A fungus (Lair:1)
1153 creatures vanquished.

Vanquished Creatures (collateral kills)
  A guardian serpent (Snake:4)
  2 salamanders (Snake:4)
  A naga mage (Snake:4)
  2 nagas (Snake:4)
6 creatures vanquished.

Vanquished Creatures (others)
  4 deep elf master archers (Elf:3)
  4 naga sharpshooters
  A deep elf knight (Elf:1)
  A deep elf archer (Elf:2)
  A deep elf mage (Elf:2)
  A centaur zombie (D:14)
  2 nagas
  A hell hound (Lair:6)
  A slave (D:4)
  4 wolves (IceCv)
  2 orcs
  A frilled lizard (D:4)
  7 fungi
  18 plants
48 creatures vanquished.

Grand Total: 1207 creatures vanquished

Notes
Turn   | Place    | Note
-------+----------+-------------------------------------------
     0 | D:1      | Rrauwl the Gargoyle Gladiator began the quest for the Orb.
     0 | D:1      | Reached XP level 1. HP: 12/12 MP: 1/1
    85 | D:1      | Reached XP level 2. HP: 14/17 MP: 2/2
   154 | D:1      | Reached skill level 1 in Stealth
   398 | D:1      | Reached XP level 3. HP: 21/21 MP: 3/3
   816 | D:1      | Gained mutation: Your spells are a little easier to cast, but a little less powerful. [potion of mutation]
   816 | D:1      | Gained mutation: You have a somewhat thin skeletal structure. (Dex +2, Stealth) [potion of mutation]
   816 | D:1      | Gained mutation: You are robust. (+10% HP) [potion of mutation]
  1419 | D:2      | Reached skill level 1 in Spellcasting
  1419 | D:2      | Reached XP level 4. HP: 26/29 MP: 5/5
  2027 | D:2      | Reached skill level 1 in Armour
  2027 | D:2      | Reached XP level 5. HP: 35/35 MP: 7/7
  2451 | D:3      | Noticed Sigmund
  2479 | D:3      | Killed Sigmund
  2479 | D:3      | Reached XP level 6. HP: 38/40 MP: 7/9
  2777 | D:4      | Found Aggufez's Distillery.
  2795 | D:4      | Bought a potion of degeneration for 14 gold pieces
  2819 | D:4      | Noticed a slave
  2820 | D:4      | Noticed a slave
  2820 | D:4      | Noticed Pikel
  2820 | D:4      | Noticed a slave
  2820 | D:4      | Noticed a slave
  2834 | D:4      | Killed a slave
  2835 | D:4      | Killed Pikel
  2835 | D:4      | Reached skill level 5 in Maces & Flails
  2835 | D:4      | Reached XP level 7. HP: 48/48 MP: 10/10
  2987 | D:4      | Reached XP level 8. HP: 50/52 MP: 11/11
  3516 | D:5      | Entered Level 5 of the Dungeon
  3601 | D:5      | Reached skill level 5 in Fighting
  4948 | D:6      | Noticed Duvessa
  4959 | D:6      | Killed Duvessa
  4959 | D:6      | Reached skill level 5 in Armour
  4963 | D:6      | Noticed Dowan
  4982 | D:6      | Killed Dowan
  4982 | D:6      | Reached skill level 1 in Shields
  5217 | D:6      | Found a staircase to the Ecumenical Temple.
  5228 | Temple   | Entered the Ecumenical Temple
  5276 | Temple   | Became a worshipper of Warmaster Okawaru
  5349 | D:6      | Reached XP level 9. HP: 60/60 MP: 12/12
  5457 | D:7      | Found Zauxtum's Antique Weapon Boutique.
  5480 | D:7      | Reached skill level 1 in Invocations
  5608 | D:7      | Bought a faintly glowing morningstar for 279 gold pieces
  5608 | D:7      | Identified the +0 morningstar of Ihegaun {antimagic, rF++ MR+ MP+9} (You bought it in a shop on level 7 of the Dungeon)
  5669 | D:7      | Reached * piety under Okawaru
  5701 | D:7      | Noticed Menkaure
  5707 | D:7      | Killed Menkaure
  5736 | D:7      | Found a runed door.
  5740 | D:7      | Noticed Crazy Yiuf
  5745 | D:7      | Killed Crazy Yiuf
  6478 | D:8      | Noticed Maurice
  6505 | D:8      | Killed Maurice
  6505 | D:8      | Reached ** piety under Okawaru
  6526 | D:8      | Noticed Erica
  6548 | D:8      | Killed Erica
  6548 | D:8      | Reached XP level 10. HP: 62/69 MP: 13/13
  6584 | D:8      | Got a shimmering dagger
  6585 | D:8      | Identified the +6 dagger of the Foot {freeze, Str+3} (You found it on level 8 of the Dungeon)
  7263 | D:9      | Reached *** piety under Okawaru
  7312 | D:9      | Reached skill level 5 in Shields
  7896 | D:9      | Got a faintly glowing platinum ring
  7898 | D:9      | Identified the ring of Conflict {rPois Stlth+} (You found it on level 9 of the Dungeon)
  7925 | D:9      | Got a translucent ring mail
  8118 | D:9      | Reached **** piety under Okawaru
  8298 | D:9      | Found Iselyr's General Store.
  8458 | D:9      | Identified the cursed +0 ring mail of the Lion {rC+ MR- rCorr} (You found it on level 9 of the Dungeon)
  8735 | D:9      | Reached XP level 11. HP: 46/75 MP: 14/14
  9394 | D:10     | Entered Level 10 of the Dungeon
  9555 | D:10     | Received a gift from Okawaru
  9654 | D:10     | Found a staircase to the Lair.
 10600 | D:10     | Reached skill level 5 in Dodging
 10668 | Lair:1   | Entered Level 1 of the Lair of Beasts
 10767 | Lair:1   | Noticed a seven-headed hydra
 10832 | Lair:1   | Lost mutation: Your spells are a little easier to cast, but a little less powerful. [potion of cure mutation]
 10832 | Lair:1   | Lost mutation: You have a somewhat thin skeletal structure. (Dex +2, Stealth) [potion of cure mutation]
 10832 | Lair:1   | Lost mutation: You are robust. (+10% HP) [potion of cure mutation]
 10846 | Lair:1   | Found a labyrinth entrance.
 10908 | Lair:1   | Reached ***** piety under Okawaru
 10935 | Lab      | Entered a labyrinth
 11349 | Lab      | Noticed a minotaur
 11365 | Lab      | Got a bloodstained longbow
 11365 | Lab      | Got a brightly glowing glaive
 11394 | Lair:1   | HP: 2/71 [minotaur (8)]
 11396 | Lair:1   | Killed a minotaur
 11396 | Lair:1   | Received a gift from Okawaru
 11807 | Lair:1   | Identified the +10 glaive of Exquisite Death {elec, MR++ Int-4} (You found it in a labyrinth)
 11808 | Lair:1   | Identified the +6 longbow of Uvacaot {velocity, rElec SInv} (You found it in a labyrinth)
 12065 | Lair:1   | Killed a seven-headed hydra
 12065 | Lair:1   | Reached XP level 12. HP: 70/77 MP: 15/18
 12321 | Lair:1   | Reached skill level 5 in Invocations
 12500 | Lair:1   | Reached skill level 10 in Fighting
 12531 | Lair:1   | Received a gift from Okawaru
 13077 | Lair:2   | Received a gift from Okawaru
 13280 | Lair:2   | Found a staircase to the Snake Pit.
 14247 | Lair:3   | Reached skill level 10 in Maces & Flails
 14247 | Lair:3   | Reached skill level 10 in Armour
 14342 | Lair:3   | Noticed Nergalle
 14353 | Lair:3   | Killed Nergalle
 14551 | Lair:3   | Reached XP level 13. HP: 82/82 MP: 19/19
 14574 | Lair:3   | Found a frozen archway.
 14583 | IceCv    | Entered an ice cave
 14586 | IceCv    | Noticed Magnus's ghost (journeyman DsGl)
 14644 | IceCv    | Killed Magnus's ghost
 14644 | IceCv    | Reached skill level 10 in Shields
 14911 | IceCv    | Got a faintly glowing mace
 14913 | IceCv    | Identified the cursed +0 mace of Wyrd {freeze, rElec Str+2} (You found it in an ice cave)
 15345 | IceCv    | Received a gift from Okawaru
 15434 | IceCv    | Noticed a frost giant
 15505 | IceCv    | Killed a frost giant
 15516 | IceCv    | Reached ****** piety under Okawaru
 15516 | IceCv    | Received a gift from Okawaru
 16900 | D:9      | Received a gift from Okawaru
 16943 | D:9      | Bought a scroll of remove curse for 48 gold pieces
 16943 | D:9      | Bought a scroll of blinking for 120 gold pieces
 17131 | Lair:4   | Gained mutation: Your large and strong wings let you fly indefinitely. [Gargoyle growth]
 17131 | Lair:4   | Reached XP level 14. HP: 64/88 MP: 20/20
 17511 | Lair:4   | Found a staircase to the Shoals.
 18152 | Lair:5   | Found a staircase to the Slime Pits.
 18658 | Lair:5   | Learned a level 1 spell: Infusion
 18709 | Lair:6   | Entered Level 6 of the Lair of Beasts
 18805 | Lair:6   | Reached skill level 1 in Charms
 19013 | Lair:6   | Received a gift from Okawaru
 19625 | Lair:6   | Found a large runed door.
 19625 | Lair:6   | Found a large runed door.
 19879 | Lair:6   | Got an ancient glass ring
 19881 | Lair:6   | Identified the ring "Duthrotud" {Fire rElec Str-4 Int+2} (You found it on level 6 of the Lair of Beasts)
 20539 | D:11     | Received a gift from Okawaru
 20554 | D:11     | Found a staircase to the Orcish Mines.
 20872 | D:11     | Found a shattered altar of Ashenzari.
 20908 | D:11     | Identified the Guide on Summoning and the Compass
 20912 | D:11     | Learned a level 1 spell: Apportation
 20934 | D:11     | Received a gift from Okawaru
 20934 | D:11     | Reached XP level 15. HP: 79/95 MP: 21/21
 21465 | D:12     | Reached skill level 1 in Translocations
 21895 | D:13     | Found a snail-covered altar of Cheibriados.
 22752 | D:13     | Found a gate to the Vaults.
 23266 | D:14     | Received a gift from Okawaru
 23304 | D:14     | Reached skill level 5 in Charms
 23437 | D:14     | Noticed Josephine
 23445 | D:14     | Killed Josephine
 23849 | D:14     | Noticed Azrael
 23874 | D:14     | Killed Azrael
 23888 | D:14     | Noticed Louise
 23907 | D:14     | Killed Louise
 24301 | D:15     | Entered Level 15 of the Dungeon
 24416 | Lair:1   | Gained mutation: You are resistant to hostile enchantments. (MR+) [potion of mutation]
 24416 | Lair:1   | Gained mutation: Armour fits poorly on your strangely shaped body. [potion of mutation]
 24416 | Lair:1   | Gained mutation: Your spells are a little easier to cast, but a little less powerful. [potion of mutation]
 24417 | Lair:1   | Lost mutation: Armour fits poorly on your strangely shaped body. [potion of mutation]
 24417 | Lair:1   | Gained mutation: Your flesh is cold resistant. (rC+) [potion of mutation]
 24568 | D:15     | Received a gift from Okawaru
 24573 | D:15     | Got a slimy morningstar {god gift}
 24574 | D:15     | Identified the +10 morningstar "Wuxt" {crush, +Blink rPois Str+2} (Okawaru gifted it to you on level 15 of the Dungeon)
 24657 | D:15     | Found a staircase to the Depths.
 24684 | D:15     | Reached XP level 16. HP: 84/101 MP: 22/22
 24918 | D:15     | Found a blossoming altar of Fedhas.
 25002 | D:15     | Received a gift from Okawaru
 25440 | Orc:1    | Entered Level 1 of the Orcish Mines
 25580 | Orc:2    | Entered Level 2 of the Orcish Mines
 25673 | Orc:2    | Found a staircase to the Elven Halls.
 25996 | Orc:2    | Found Isukhlie's General Store.
 26023 | Orc:2    | Reached skill level 5 in Translocations
 26128 | Orc:2    | Found Qubivy's Magic Scroll Boutique.
 26183 | Orc:2    | Reached skill level 5 in Evocations
 26421 | Orc:2    | Bought a scroll of enchant armour for 127 gold pieces
 26578 | Orc:2    | Received a gift from Okawaru
 26737 | Orc:2    | Reached skill level 15 in Maces & Flails
 26984 | Orc:2    | Found Jefui's Gadget Shoppe.
 26984 | Orc:2    | Found a one-way gate leading to the halls of Pandemonium.
 26984 | Orc:2    | Found Ciotow's Antique Weapon Emporium.
 27007 | Orc:2    | Bought a translucent demon whip for 580 gold pieces
 27007 | Orc:2    | Identified the +2 demon whip of Doom {flame, Fragile rC+ Str+5 SInv} (You bought it in a shop on level 2 of the Orcish Mines)
 27295 | Snake:1  | Entered Level 1 of the Snake Pit
 27710 | Snake:1  | Received a gift from Okawaru
 27730 | Snake:1  | Identified a scroll of acquirement
 27731 | Snake:1  | Got a faintly glowing crystal plate armour
 27742 | Snake:1  | Identified the +4 crystal plate armour of the Turtle {rC+ rN+ Str-2 Slay+2} (You acquired it on level 1 of the Snake Pit)
 27768 | Snake:1  | Found Wugysaemp's Gadget Emporium.
 27768 | Snake:1  | Found Laem Ick's Jewellery Boutique.
 27769 | Snake:1  | Found Foichuh's Gadget Emporium.
 27780 | Snake:1  | Bought the ring of Guolidei {rF+ EV+1 Dex+5} for 275 gold pieces
 28653 | Snake:2  | Found Nept's Assorted Antiques.
 28657 | Snake:2  | Found Ucuph's Book Boutique.
 29036 | Snake:2  | Noticed Vashnia
 29082 | Snake:2  | Killed Vashnia
 29082 | Snake:2  | Received a gift from Okawaru
 29082 | Snake:2  | Reached skill level 5 in Stealth
 29082 | Snake:2  | Reached skill level 15 in Shields
 29082 | Snake:2  | Reached XP level 17. HP: 74/108 MP: 23/23
 29696 | Snake:2  | Received a gift from Okawaru
 29698 | Snake:2  | Got an encrusted shortbow {god gift}
 29702 | Snake:2  | Identified the +5 shortbow "Nomipt" {venom, rF+} (Okawaru gifted it to you on level 2 of the Snake Pit)
 30429 | Snake:3  | Received a gift from Okawaru
 31034 | Snake:4  | Entered Level 4 of the Snake Pit
 31725 | Snake:4  | Reached XP level 18. HP: 110/116 MP: 24/24
 31985 | Snake:4  | Received a gift from Okawaru
 32193 | Snake:4  | Identified a +2 pair of boots of running (Okawaru gifted it to you on level 4 of the Snake Pit)
 32491 | Snake:4  | Got a serpentine rune of Zot
 32540 | Snake:4  | Found a glowing silver altar of Zin.
 33481 | Elf:1    | Entered Level 1 of the Elven Halls
 33903 | Elf:1    | Reached skill level 15 in Fighting
 34177 | Elf:1    | Found Nieqoq's Quality Used Wands.
 34199 | Elf:1    | Bought a wand of slowing (0/48) for 28 gold pieces
 34199 | Elf:1    | Bought a wand of enslavement (0/24) for 38 gold pieces
 34199 | Elf:1    | Bought a wand of paralysis (0/24) for 38 gold pieces
 34209 | Elf:1    | Noticed Agnes
 34228 | Elf:1    | Killed Agnes
 34228 | Elf:1    | Received a gift from Okawaru
 34297 | Elf:1    | Noticed Aizul
 34314 | Elf:1    | Killed Aizul
 34466 | Elf:1    | Received a gift from Okawaru
 34466 | Elf:1    | Reached XP level 19. HP: 76/124 MP: 25/25
 34993 | Elf:2    | Received a gift from Okawaru
 35247 | Elf:2    | Found a runed gate.
 35249 | Elf:2    | Found a runed gate.
 35252 | Elf:2    | Found a runed gate.
 35661 | Elf:2    | Noticed Saint Roka
 35725 | Elf:2    | Noticed Asterion
 35791 | Elf:2    | Received a gift from Okawaru
 35818 | Elf:3    | Entered Level 3 of the Elven Halls
 36146 | Elf:2    | Killed Saint Roka
 36240 | Elf:2    | Killed Asterion
 37322 | Elf:3    | Reached XP level 20. HP: 42/133 MP: 26/26
 37792 | Elf:3    | Got a crude ruby amulet
 37805 | Elf:3    | Identified the amulet of Trog's Benevolence {Reflect rF+ rC++ SH+6} (You took it off a deep elf death mage on level 3 of the Elven Halls)
 37847 | Elf:3    | Received a gift from Okawaru
 37880 | Elf:3    | Gained mutation: Armour fits poorly on your strangely shaped body. [a cacodemon]
 37907 | Elf:3    | Killed from afar by a deep elf annihilator

Skill      XL: |  1  2  3  4  5  6  7  8  9 10 11 12 13 14 15 16 17 18 19 20 |
---------------+-------------------------------------------------------------+-----
Stealth        | 1 2 3 4 5 6 |  6.0
Throwing       | 2 3 |  3.0
Dodging        | 3 4 5 6 7 |  7.0
Spellcasting   | 1 2 4 |  4.0
Fighting       | 3 4 6 7 8 9 10 11 12 13 15 16 17 | 17.1
Armour         | 1 2 3 5 6 8 9 10 11 12 13 | 13.0
Maces & Flails | 4 5 6 7 8 9 10 12 13 14 15 16 17 | 17.0
Evocations     | 2 3 4 6 |  6.0
Shields        | 2 4 5 7 9 12 13 14 15 16 17 | 17.2
Invocations    | 4 5 6 7 |  7.0
Charms         | 3 6 7 |  7.0
Translocations | 4 6 7 9 |  9.0

Action                   |  1- 3 |  4- 6 |  7- 9 | 10-12 | 13-15 | 16-18 | 19-21 || total
-------------------------+-------+-------+-------+-------+-------+-------+-------++-------
Melee: Flail             |   103 |   165 |       |       |       |       |       ||   268
       Whip              |       |       |   219 |       |       |       |       ||   219
       Mace              |       |       |    80 |   700 |   496 |       |       ||  1276
       Morningstar       |       |       |    57 |       |    73 |  1561 |   477 ||  2168
       Eveningstar       |       |       |       |   325 |  1234 |       |       ||  1559
       Punch             |       |       |       |     1 |       |       |       ||     1
Throw: Throwing net      |       |       |       |     6 |       |       |       ||     6
 Cast: Infusion          |       |       |       |       |     3 |       |       ||     3
Invok: Heroism           |       |       |     1 |     4 |     5 |       |     2 ||    12
       Finesse           |       |       |       |       |     1 |       |       ||     1
 Abil: Stop Flying       |       |       |       |     1 |       |       |       ||     1
       Evoke Berserk Rag |       |       |       |       |     2 |       |       ||     2
Evoke: Wand              |       |     2 |     5 |    16 |       |       |       ||    23
  Use: Potion            |     3 |     3 |     3 |     6 |     9 |     3 |     5 ||    32
       Scroll            |     4 |     4 |     8 |    13 |    13 |    10 |     7 ||    59
 Stab: Invisible         |       |     3 |       |       |       |       |       ||     3
       Sleeping          |       |     1 |     4 |    12 |       |       |       ||    17
       Held in net/web   |       |       |       |     2 |       |       |       ||     2
       Distracted        |       |       |       |     1 |       |     2 |     1 ||     4
  Eat: Chunk             |     2 |     5 |     4 |    31 |    35 |    17 |     6 ||   100
       Pizza             |       |       |     2 |     1 |       |     1 |     1 ||     5
       Meat ration       |       |       |     1 |       |       |       |       ||     1
       Fruit             |       |       |       |     2 |       |     1 |     5 ||     8
       Royal jelly       |       |       |       |     3 |     2 |     4 |       ||     9
       Bread ration      |       |       |       |     2 |       |     1 |       ||     3
       Beef jerky        |       |       |       |       |     1 |       |       ||     1
Armor: Ring mail         |    43 |    61 |   114 |   279 |       |       |       ||   497
       Ice dragon scales |       |       |       |   161 |   773 |   166 |       ||  1100
       Crystal plate arm |       |       |       |       |       |   447 |   177 ||   624
Dodge: Dodged            |    57 |   122 |   144 |   447 |   631 |   305 |    44 ||  1750
Block: Buckler           |       |       |    54 |   288 |   603 |   337 |       ||  1282
       Reflection        |       |       |       |       |     4 |   106 |    49 ||   159
       Large shield      |       |       |       |       |       |   625 |   410 ||  1035
